AoeStats
← Marbas

Runestones

508084221Analyzed
1v1 RM · 11d ago on Sep 20, 2026· 21m 7s· 2 players
Game mode
Random Map
Map size
Tiny (2 player)
Population
200
Speed
Normal
Resources
Standard
Victory
Conquest
Starting age
Dark Age
Ending age
Imperial Age
RankedLock teamsTeams togetherTeam positionsShared explorationLock speedFull tech treeHidden civsTurbo modeCheats
Victory
Defeat
🇬🇧 Japanese · United Kingdom
1888
+13
🇷🇺 Saracens · Russia
1814
-13
Marbas
5:33 Loom
6:21 Loom
9:01 Feudal Age
9:40 Double-Bit Axe
10:50 Fletching
18:51 Padded Archer Armor
18:40 Horse Collar
Drush Limbaugh
8:33 Feudal Age
8:35 Man-at-Arms
9:37 Double-Bit Axe
9:58 Loom
10:09 Loom
15:38 Fletching
16:27 Town Watch
20:52 Castle Age
19:33 Padded Archer Armor
19:31 Gold Mining
19:57 Horse Collar
20:54 Crossbowman
21:31 Bodkin Arrow
Connection lost

Rejoining the realm…

Still unreachable

The connection could not be restored.

Session expired

The server has moved on; the page needs a fresh start.